Map: Dusk Towers

Players

DJG

  • Race: Protoss Protoss
  • League: Silver
  • Spawn Location: 7:00

Fropez - Winner!

  • Race: Protoss Protoss
  • League: Silver
  • Spawn Location: 1:00

VOD

Have the link to the VOD?

Description

Time

  • Played on: April 16, 2016, 5:43 p.m.
  • Length: 7:47
Show
View Real Time Build Order
Export as new Build Order

DJG Protoss 

Build Orders: 1 Gate Expand 

Get SALT Encoding   

  12  0:02  Probe (Chrono Boost)  
  13  0:12  Probe (Chrono Boost)  
  14  0:20  Pylon  
  14  0:27  Probe (Chrono Boost)  
  15  0:40  Gateway  
  15  0:45  Probe (Chrono Boost)  
  16  0:57  Probe (Chrono Boost)  
  17  1:16  Assimilator  
  17  1:20  Nexus  
  17  1:28  Probe (Chrono Boost)  
  18  1:38  Probe (Chrono Boost), Cybernetics Core  
  19  1:45  Assimilator  
  19  1:50  Probe (Chrono Boost)  
  19  2:17  Pylon  
  19  2:35  Probe (Chrono Boost)  
  20  2:38  Warp Gate  
  20  2:45  Probe (Chrono Boost)  
  21  2:57  Probe (Chrono Boost)  
  23  3:01  Mothership Core (Chrono Boost)  
  23  3:04  Stalker  
  24  3:41  Adept  
  25  3:50  Probe x2 (Chrono Boost)  
  27  4:01  Probe x2 (Chrono Boost)  
  29  4:07  Robotics Facility  
  29  4:11  Probe x2 (Chrono Boost)  
  29  4:13  Pylon  
  31  4:18  Pylon  
  31  4:23  Stalker  
  31  4:53  Gateway  
  31  4:56  Gateway  
  31  5:03  Pylon  
  30  5:15  Sentry  
  27  6:03  Stalker  
  29  6:04  Stalker  
  29  6:05  Stalker  
  29  6:08  Immortal  
  29  6:09  Probe x2 (Chrono Boost)  
  39  6:17  Pylon  
  39  6:20  Probe x2 (Chrono Boost)  
  41  6:30  Probe (Chrono Boost)  
  41  6:31  Probe (Chrono Boost)  
  40  6:46  Stalker  
  40  6:47  Stalker  
  38  6:57  Immortal (Chrono Boost)  
  42  7:05  Stalker  
  38  7:13  Stalker  
  32  7:38  Stalker  
  32  7:39  Stalker  
Show
View Real Time Build Order
Export as new Build Order

Fropez Protoss - Winner!

Build Orders:  

Get SALT Encoding   

  12  0:02  Probe (Chrono Boost)  
  13  0:22  Pylon, Probe (Chrono Boost)  
  14  0:34  Pylon  
  14  0:41  Gateway  
  14  0:48  Probe (Chrono Boost)  
  15  0:58  Probe (Chrono Boost)  
  15  1:00  Pylon  
  16  1:09  Probe (Chrono Boost)  
  17  1:19  Probe (Chrono Boost)  
  17  1:24  Assimilator  
  18  1:30  Probe (Chrono Boost)  
  18  1:31  Zealot  
  20  1:40  Probe (Chrono Boost)  
  21  1:51  Probe (Chrono Boost)  
  21  2:01  Probe (Chrono Boost)  
  22  2:08  Cybernetics Core  
  22  2:12  Probe (Chrono Boost)  
  22  2:13  Assimilator  
  22  2:14  Zealot  
  26  2:22  Probe (Chrono Boost)  
  26  2:33  Probe (Chrono Boost)  
  28  2:47  Mothership Core (Chrono Boost)  
  28  2:48  Warp Gate (Chrono Boost)  
  29  2:56  Stalker  
  31  3:07  Probe  
  32  3:19  Probe  
  33  3:31  Probe  
  34  3:43  Probe  
  34  3:45  Pylon  
  34  3:47  Stalker  
  35  3:55  Probe  
  35  3:56  Twilight Council  
  36  4:08  Probe  
  37  4:10  Pylon  
  37  4:16  Gateway  
  37  4:17  Stalker  
  37  4:20  Probe, Gateway x2  
  37  4:23  Pylon  
  40  4:32  Probe  
  41  4:44  Probe  
  40  4:51  Dark Shrine  
  40  4:59  Probe  
  41  5:04  Nexus  
  41  5:08  Pylon  
  41  5:11  Probe  
  42  5:20  Zealot  
  42  5:21  Zealot x3  
  48  5:23  Probe  
  49  5:47  Probe  
  49  5:48  Pylon  
  46  5:56  Stalker x4  
  54  5:59  Probe  
  55  6:11  Probe  
  56  6:17  Probe  
  56  6:20  Assimilator  
  56  6:23  Probe  
  56  6:24  Assimilator  
  58  6:27  Pylon  
  52  6:49  Stalker x4  
  52  7:12  Forge  
  52  7:15  Pylon  
  52  7:16  Pylon  
  52  7:18  Zealot  
  52  7:19  Zealot x2  
  52  7:20  Zealot  
Tags
 
Matchup
PvP
Replay Pack
All Mines
Spawn Locations
Cross Positions
Add a new tag
Caveats
  • Supply blocks, unpowered buildings, or Contaminate may cause inaccurate times.
  • Supply counts are checked every 10 seconds.